 Dungeon Crawl Stone Soup version 0.31-a0-202-g547052bce9 (webtiles) character file.

Game seed: 13288313205875605871

88 qw the Shooter (level 4, -2/25 HPs)
             Began as a Deep Elf Hunter on June 26, 2023.
             Slain by an orc
             ... wielding a +2 heavy flail
              (15 damage)
             ... on level 2 of the Dungeon.
             The game lasted 00:00:27 (1109 turns).

qw the Shooter (Deep Elf Hunter)                    Turns: 1109, Time: 00:00:28

Health: -2/25      AC:  6    Str: 10    XL:     4   Next: 29%
Magic:  6/6        EV: 12    Int: 14    God:
Gold:   35         SH:  0    Dex: 18    Spells: 3/3 levels left

rFire   . . .        Y - +0 shortbow
rCold   . . .        (shield currently unavailable)
rNeg    . . .        c - +0 leather armour
rPois   .            g - +2 helmet
rElec   .            (no cloak)
rCorr   .            (no gloves)
SInv    .            (no boots)
Will    .....        k - amulet of regeneration
Stlth   ++           (no ring)
HPRegen 1.04/turn    (no ring)
MPRegen 0.10/turn

%: no passive effects
@: no status effects
A: no striking features
a: no special abilities


You were on level 2 of the Dungeon.
You visited 1 branch of the dungeon, and saw 2 of its levels.

You collected 35 gold pieces.


   Skills:
 - Level 1.5 Fighting
 + Level 7.7 Ranged Weapons
 - Level 2.4 Dodging
 - Level 1.2 Stealth


You had 3 spell levels left.
You didn't know any spells.
Your spell library was empty.

Inventory:

Hand Weapons
 Y - a +0 shortbow (weapon)
Armour
 c - a +0 leather armour (worn)
 g - a +2 helmet (worn)
Jewellery
 k - an amulet of regeneration (around neck)
Scrolls
 a - 3 scrolls of teleportation
 b - a scroll of enchant armour {unknown}
 i - a scroll of identify
Potions
 j - a potion of curing {unknown}

Dungeon Overview and Level Annotations

Branches:
Dungeon (2/15)

Altars:

Annotations:
D:2 Natasha


Message History

There is an escape hatch in the floor here.
You shoot an arrow. The arrow hits the orc wizard.
The orc wizard is moderately wounded.
You shoot an arrow. The orc wizard blocks the arrow.
An orc comes into view. It is wielding a +2 heavy flail.
The orc wizard hits you but does no damage.
You shoot an arrow. The orc shouts!
The arrow hits the orc wizard.
The orc wizard is moderately wounded.
You hear a shout!
The orc wizard closely misses you.
You shoot an arrow. The arrow hits the orc wizard.
The orc wizard is heavily wounded.
The orc wizard hits you but does no damage.
You shoot an arrow. The arrow barely misses the orc wizard.
A quokka comes into view.
You shoot an arrow.
The arrow closely misses the orc wizard.
The orc wizard hits you with a +0 dagger. x2
You shoot an arrow.
The arrow hits the orc wizard but does no damage.
The orc wizard is heavily wounded.
The orc wizard hits you but does no damage.
You shoot an arrow. The arrow hits the orc wizard.
The orc wizard is almost dead.
The orc hits you with a +0 war axe! The orc wizard closely misses you.
An orc priest comes into view. It is wielding a +0 whip.
You shoot an arrow. The arrow hits the orc wizard.
You kill the orc wizard!
The orc hits you with a +0 war axe.
The quokka twitches its whiskers.
You have reached level 4!
You feel clever.
You shoot an arrow. The arrow closely misses the orc.
The orc barely misses you.
You shoot an arrow. The arrow hits the orc.
The orc is moderately wounded.
The orc hits you but does no damage. The orc hits you with a +2 heavy flail!
Ouch! That really hurt!
You die...

#..#
#.....########
##.### #..#+##
#...# #..# ###.#
#.## #.# #. #.##
## #..##.+ ..
##>#..###
....#####@.....##
.....%.roo.......
o.####..########
?..####7..P..P##
.o.......P.~....P
...#....777~7...P
#...7.7 ~~..7.
#...~~~ 7..P
#.P.~~~


PP.. You could see 2 orcs and a quokka.

Vanquished Creatures
  An orc wizard (D:2)
  Natasha (D:2)
  2 dart slugs (D:1)
  3 endoplasms (D:1)
  2 giant cockroaches (D:1)
  3 goblins (D:1)
  4 hobgoblins (D:1)
  A quokka (D:2)
  5 ball pythons (D:1)
  5 bats (D:1)
  A frilled lizard (D:1)
  2 kobolds (D:1)
  2 rats
32 creatures vanquished.

Notes
Turn   | Place    | Note
-------+----------+-------------------------------------------
     0 | D:1      | qw the Deep Elf Hunter began the quest for the Orb.
     0 | D:1      | Reached XP level 1. HP: 12/12 MP: 3/3
     0 | D:1      | 0 ||| qw: Version: 0.3-a-22-g0ed2b0b
     0 | D:1      | 0 ||| qw: Game counter: 5917
     0 | D:1      | 0 ||| qw: Melee chars always use a shield: true
     0 | D:1      | 0 ||| qw: God list: Okawaru
     0 | D:1      | 0 ||| qw: Allow faded altars: false
     0 | D:1      | 0 ||| qw: Do Orc after clearing Dungeon:15 true
     0 | D:1      | 0 ||| qw: Do second Lair branch before Depths: true
     0 | D:1      | 0 ||| qw: Lair rune preference: random
     0 | D:1      | 0 ||| qw: Goals: Normal
     0 | D:1      | 0 ||| PLANNING D:1-11
   158 | D:1      | Reached skill level 6 in Ranged Weapons
   158 | D:1      | Reached XP level 2. HP: 16/16 MP: 4/4
   438 | D:1      | Reached XP level 3. HP: 16/20 MP: 5/5
   975 | D:1      | 975 ||| UPGRADING to +2 helmet.
   980 | D:1      | 980 ||| UPGRADING to amulet of guardian spirit.
   985 | D:1      | 985 ||| UPGRADING to amulet of regeneration.
   995 | D:1      | 995 ||| DROPPING amulet of guardian spirit.
   996 | D:1      | 996 ||| READING 3 scrolls labelled XOKKAKH QIAREO.
   999 | D:1      | 999 ||| READING scroll labelled ITEDWI SEHIF.
  1000 | D:1      | 1000 ||| READING 3 scrolls labelled SIBREA LORCHU.
  1001 | D:1      | 1001 ||| READING 2 scrolls of identify.
  1001 | D:1      | 1001 ||| IDENTIFYING bubbling inky potion
  1002 | D:1      | 1002 ||| DROPPING scroll of butterflies.
  1003 | D:1      | 1003 ||| DROPPING potion of magic.
  1032 | D:2      | Noticed Natasha
  1035 | D:2      | Killed Natasha
  1036 | D:2      | Reached skill level 7 in Ranged Weapons
  1090 | D:2      | Noticed Natasha
  1091 | D:2      | 1091 ||| FLEEEEING.
  1092 | D:2      | 1092 ||| FLEEEEING.
  1094 | D:2      | 1094 ||| FLEEEEING.
  1095 | D:2      | 1095 ||| FLEEEEING.
  1108 | D:2      | Reached XP level 4. HP: 11/25 MP: 6/6
  1109 | D:2      | Slain by an orc

Levels and vault maps discovered:
D:1:      saegor_arrival_miasma, layout_basic, minmay_hedge_maze
D:2:      layout_rooms, serial_shops, nicolae_shop_rolling_square, minivault_4,
          minmay_misc_feat_pillars, serial_bayou_pond_a, uniq_natasha

Skill      XL: |  1  2  3 |
---------------+----------+-----
Ranged Weapons | 6 7 |  7.7
Fighting       | |  1.5
Dodging        | |  2.4
Stealth        | |  1.2

Action                     |  1- 3 |  4- 6 || total
---------------------------+-------+-------++-------
   Fire: Shortbow          |   102 |     2 ||   104
    Use: Scroll            |     4 |       ||     4
 Armour: Leather armour    |    10 |     1 ||    11
  Dodge: Dodged            |    15 |     1 ||    16

Table legend:
 A = Non-vault XP
 B = Vault XP
 C = Vault XP percentage of total XP
 D = Non-vault monster count
 E = Vault monster count
 F = Vault count percentage of total count
                 A         B        C        D         E       F
            +---------+---------+-------+---------+---------+-------
      Total |      91 |      35 |  27.8 |      31 |       1 |   3.1
            +---------+---------+-------+---------+---------+-------
        D:1 |      52 |       0 |   0.0 |      28 |       0 |   0.0
        D:2 |      39 |      35 |  47.3 |       3 |       1 |  25.0
            +---------+---------+-------+---------+---------+-------
